 Dungeon Crawl Stone Soup version 0.32-a0-975-g85d4e5bfdb (webtiles) character file.

Game seed: 9044790771375847110

985 RBrandon the Shooter (level 7, -16/52 HPs)
             Began as a Demigod Hexslinger on Apr 19, 2024.
             Demolished by a two-headed ogre
             ... wielding a +0 giant spiked club
              (22 damage)
             ... on level 7 of the Dungeon.
             The game lasted 00:09:49 (5521 turns).

RBrandon the Shooter (Demigod Hexslinger)           Turns: 5521, Time: 00:09:50

Health: -16/52     AC:  5    Str:  9    XL:     7   Next: 65%
Magic:  1/11       EV: 12    Int: 15    God:
Gold:   277        SH:  0    Dex: 24    Spells: 0/8 levels left

rFire   . . .        a - +1 sling
rCold   . . .        (no shield)
rNeg    . . .        c - +0 robe
rPois   .            (no helmet)
rElec   .            x - +0 cloak
rCorr   .            (no gloves)
SInv    .            p - +1 pair of boots
Will    .....        (no amulet)
Stlth   ++           (no ring)
HPRegen 0.28/turn    (no ring)
MPRegen 0.12/turn

%: no passive effects
@: weak-willed, jinxed
A: high MP 1, forlorn, divine attributes
a: no special abilities


You were on level 7 of the Dungeon.
You visited 1 branch of the dungeon, and saw 7 of its levels.

You collected 277 gold pieces.

Inventory:

Hand Weapons
 a - a +1 sling (weapon)
 t - a +0 short sword of venom
   (You took it off a kobold on level 4 of the Dungeon)
Armour
 c - a +0 robe (worn)
 p - a +1 pair of boots (worn)
 x - a +0 cloak (worn)
Magical Staves
 d - a staff of conjuration
Jewellery
 n - a +4 ring of protection
Wands
 l - a wand of paralysis (14)
 w - a wand of polymorph (2)
Scrolls
 b - 2 scrolls of poison
 e - 3 scrolls of teleportation {unknown}
 f - a scroll of revelation {unknown}
 i - 3 scrolls of enchant weapon {unknown}
 j - 2 scrolls of immolation {unknown}
 k - 3 scrolls of blinking
 o - a scroll of vulnerability {unknown}
 q - 3 scrolls of acquirement {unknown}
 r - 5 scrolls of identify {unknown}
 s - a scroll of fear {unknown}
 u - a scroll of torment {unknown}
Potions
 g - 3 potions of mutation {unknown}
 h - a potion of enlightenment {unknown}
 m - 2 potions of berserk rage {unknown}
 v - a potion of brilliance {unknown}


   Skills:
 + Level 1.1 Fighting
 * Level 7.8 Ranged Weapons
 * Level 2.2 Dodging
 - Level 1.0 Spellcasting
 + Level 4.1 Hexes
 - Level 0.8 Fire Magic


You couldn't memorise any spells.
You knew the following spells:

 Your Spells              Type           Power      Damage    Failure   Level
a - Jinxbite              Hex            26%        N/A       7%          2
b - Inner Flame           Hex/Fire       8%         N/A       26%         3
c - Sigil of Binding      Hex            13%        N/A       13%         3

Your spell library contained the following spells:

 Spells                   Type           Power      Damage    Failure   Level
 Cause Fear               Hex            6%         N/A       41%         4
 Frozen Ramparts          Ice            0%         1d1       58%         3
 Ozocubu's Armour         Ice            0%         N/A       58%         3
 Dimensional Bullseye     Hex/Tloc       3%         N/A       71%         4
 Leda's Liquefaction      Alch/Erth      0%         N/A       94%         4
 Metabolic Englaciation   Hex/Ice        3%         N/A       96%         5
 Lee's Rapid Deconstruct  Erth           0%         3d4*      100%        5
 Permafrost Eruption      Ice/Erth       0%         2x4d1     100%        6


Dungeon Overview and Level Annotations

Branches:
Dungeon (7/15)             Temple (0/1) D:6


Innate Abilities, Weirdness & Mutations

You have an increased reservoir of magic. (+10% MP)
You shall have no god before yourself.
Your divine heritage dramatically boosts your attributes as you level up.


Message History

There is an open door here.
There is an open door here.
You open the door.
There is an open door here.
You open the door.
There is an open door here.
A two-headed ogre comes into view.
It is wielding a +0 giant spiked club and a +0 dire flail.
The two-headed ogre shouts in stereo!
Casting: Jinxbite (safe; 7% risk of failure)
Confirm with . or Enter, or press ? or * to list all spells.
You inscribe a pair of binding sigils.
Casting: Sigil of Binding (dangerous; 13% risk of failure)
Confirm with . or Enter, or press ? or * to list all spells.
You beckon some vexing sprites to accompany your attacks.
You feel your willpower being sapped.
The two-headed ogre moves over the binding sigil and is bound in place!
You shoot a sling bullet.
The sling bullet hits the two-headed ogre!
The two-headed ogre is lightly wounded.
You shoot a sling bullet.
The sling bullet hits the two-headed ogre!
The two-headed ogre is moderately wounded.
The two-headed ogre's lost momentum returns!
The two-headed ogre is no longer moving quickly.
There is an open door here.
Casting: Jinxbite (safe; 7% risk of failure)
Confirm with . or Enter, or press ? or * to list all spells.
Your binding sigil disappears.
You inscribe a pair of binding sigils.
The two-headed ogre attacks as it pursues you!
The two-headed ogre hits you with a +0 giant spiked club!!
The two-headed ogre barely misses you.
Casting: Sigil of Binding (dangerous; 13% risk of failure)
Confirm with . or Enter, or press ? or * to list all spells.
Your binding sigil disappears.
You inscribe a pair of binding sigils.
The two-headed ogre hits you with a +0 giant spiked club!!
* * * LOW HITPOINT WARNING * * *
The two-headed ogre hits you with a +0 dire flail!!
You die...

########## ########## #####
.........# #........# #....
.........# #........# #....
.........# #>.......# #....
.........# #........# #....
.........########........####....
##..........#^.####.............
#.........^#.O@^.'.............
#..........'.....#.............
#..........#.....#.............
#..........#######.............
..#+##.............###'###......
... +.............#.....#......
.. #.............#.....######'
#.............#............
####+##.......###'####.....


You could see a two-headed ogre.

Vanquished Creatures
  A black bear (D:5)
  A centaur (D:7)
  A phantom (D:5)
  3 scorpions (D:4)
  3 hounds
  2 orc priests
  A jelly (D:5)
  3 iguanas
  Robin (D:4)
  7 gnolls
  10 adders
  A white imp (D:7)
  4 ufetubi (D:5)
  A dart slug (D:3)
  9 orcs
  7 endoplasms
  4 giant cockroaches
  16 goblins
  4 hobgoblins
  5 jackals
  7 kobolds
  4 quokkas
  4 ball pythons (D:1)
  10 bats
  7 frilled lizards
  3 rats (D:1)
119 creatures vanquished.

Notes
Turn   | Place    | Note
-------+----------+-------------------------------------------
     0 | D:1      | RBrandon the Demigod Hexslinger began the quest for the
                  | Orb.
     0 | D:1      | Reached XP level 1. HP: 15/15 MP: 4/4
    54 | D:1      | Reached skill level 2 in Ranged Weapons
   224 | D:1      | Reached XP level 2. HP: 22/22 MP: 5/5
   348 | D:1      | Reached skill level 3 in Ranged Weapons
   672 | D:1      | Reached XP level 3. HP: 17/27 MP: 6/6
   797 | D:2      | Learned a level 2 spell: Jinxbite
   816 | D:2      | You fall into a shaft and drop 1 floor!
   938 | D:3      | Found the Hermit's Pendant {Faith Invo=14 Evo=0 MP+5}
  1006 | D:3      | Reached XP level 4. HP: 34/34 MP: 8/8
  2019 | D:3      | Learned a level 3 spell: Inner Flame
  2108 | D:3      | Reached XP level 5. HP: 38/39 MP: 9/9
  2180 | D:3      | Noticed a green death
  2191 | D:3      | Reached skill level 4 in Ranged Weapons
  2840 | D:4      | Reached skill level 5 in Ranged Weapons
  2921 | D:4      | Reached XP level 6. HP: 46/46 MP: 7/10
  3350 | D:4      | Noticed Robin
  3439 | D:4      | Reached skill level 6 in Ranged Weapons
  3493 | D:4      | Killed Robin
  4147 | D:5      | Entered Level 5 of the Dungeon
  4156 | D:5      | Reached XP level 7. HP: 43/51 MP: 9/11
  4278 | D:5      | Reached skill level 7 in Ranged Weapons
  5193 | D:6      | Found a staircase to the Ecumenical Temple.
  5206 | D:6      | Learned a level 3 spell: Sigil of Binding
  5261 | D:6      | Noticed a yak
  5279 | D:7      | Reached skill level 1 in Fighting
  5351 | D:7      | Noticed Maurice
  5352 | D:7      | Maurice changed into Maurice the centaur
  5352 | D:7      | Noticed Maurice
  5357 | D:7      | Killed Maurice the centaur
  5506 | D:7      | Noticed a two-headed ogre
  5521 | D:7      | Demolished by a two-headed ogre

Illustrated notes

Levels and vault maps discovered:
D:1:      ncdulo_smallfort, layout_basic, minmay_hexomino_p4
D:2:      layout_loops_ring, chequers_ecumenical_altar_island, basic_altar,
          nicolae_elevator_lobby_plus
D:3:      layout_loops_ring, makhleb_altar_promises_db, xom_teletrap_fun,
          mainiacjoe_overflow_alcove_4, hellmonk_guarded_unrand_hermit
D:4:      layout_layer_cave, kennysheep_doodads, st_stairs_1, uniq_robin
D:5:      layout_cave_pods
D:6:      layout_basic, mainiacjoe_overflow_paths, marbit_many_paths,
          minmay_temple_entry_wispy, minmay_chambers_of_fives, uniq_jeremiah
D:7:      layout_gridville, nicolae_uskayaw_dance_hall, uniq_maurice

Skill      XL: |  1  2  3  4  5  6  7 |
---------------+----------------------+-----
Ranged Weapons | 2 3 5 6 7 |  7.8
Hexes          | 4 |  4.1
Fighting       | 1 |  1.1
Dodging        | 2 |  2.2
Spellcasting   | |  1.0
Fire Magic     | |  0.8

Action                     |  1- 3 |  4- 6 |  7- 9 || total
---------------------------+-------+-------+-------++-------
   Fire: Sling             |    91 |   183 |    73 ||   347
   Cast: Jinxbite          |     2 |    34 |    15 ||    51
         Sigil of Binding  |       |       |     3 ||     3
  Evoke: Wand              |       |       |     1 ||     1
    Use: Scroll            |       |       |     1 ||     1
 Armour: Robe              |    11 |    48 |    32 ||    91
  Dodge: Dodged            |    27 |    60 |    26 ||   113

Table legend: (Time is in decaauts)
 A = Elapsed time spent in this place.
 B = Non-inter-level travel time spent in this place.
 C = Inter-level travel time spent in this place.
 D = Time resting spent in this place.
 E = Time spent auto-exploring this place.
 F = Levels seen in this place.
 G = Mean time per level.
                   A        B        C        D        E       F      G
               +--------+--------+--------+--------+--------+-----+--------+
         Total |   5579 |   5241 |    338 |    166 |   4247 |   7 |  797.0 |
       Dungeon |   5579 |   5241 |    338 |    166 |   4247 |   7 |  797.0 |
               +--------+--------+--------+--------+--------+-----+--------+

Top non-repeatable levels by time:
     D:4: 1479 daAuts
     D:3: 1132 daAuts
     D:5: 857 daAuts
     D:2: 822 daAuts
     D:1: 767 daAuts
     D:6: 271 daAuts
     D:7: 247 daAuts

Levels and vault maps discovered:
D:1:      ncdulo_smallfort, layout_basic, minmay_hexomino_p4
D:2:      layout_loops_ring, chequers_ecumenical_altar_island, basic_altar,
          nicolae_elevator_lobby_plus
D:3:      layout_loops_ring, makhleb_altar_promises_db, xom_teletrap_fun,
          mainiacjoe_overflow_alcove_4, hellmonk_guarded_unrand_hermit
D:4:      layout_layer_cave, kennysheep_doodads, st_stairs_1, uniq_robin
D:5:      layout_cave_pods
D:6:      layout_basic, mainiacjoe_overflow_paths, marbit_many_paths,
          minmay_temple_entry_wispy, minmay_chambers_of_fives, uniq_jeremiah
D:7:      layout_gridville, nicolae_uskayaw_dance_hall, uniq_maurice

Table legend: (Time is in decaauts)
 A = Elapsed time spent in this place.
 B = Non-inter-level travel time spent in this place.
 C = Inter-level travel time spent in this place.
 D = Time resting spent in this place.
 E = Time spent auto-exploring this place.
 F = Levels seen in this place.
 G = Mean time per level.
                   A        B        C        D        E       F      G
               +--------+--------+--------+--------+--------+-----+--------+
         Total |   5579 |   5241 |    338 |    166 |   4247 |   7 |  797.0 |
       Dungeon |   5579 |   5241 |    338 |    166 |   4247 |   7 |  797.0 |
               +--------+--------+--------+--------+--------+-----+--------+

Top non-repeatable levels by time:
     D:4: 1479 daAuts
     D:3: 1132 daAuts
     D:5: 857 daAuts
     D:2: 822 daAuts
     D:1: 767 daAuts
     D:6: 271 daAuts
     D:7: 247 daAuts

Table legend:
 A = Kills in this place as a percentage of kills in the entire game.
 B = Kills by you in this place as a percentage of kills by you in the entire game.
 C = Kills by friends in this place as a percentage of kills by friends in the entire game.
 D = Other kills in this place as a percentage of other kills in the entire game.
 E = Experience gained in this place as a percentage of experience gained in the entire game.
 F = Experience gained in this place divided by the number of levels of this place that you have seen.
                   A       B       C       D       E      F
               +-------+-------+-------+-------+-------+----------------------
         Total | 100.0 | 100.0 |   N/A |   N/A | 100.0 | 201.1
       Dungeon | 100.0 | 100.0 |   N/A |   N/A | 100.0 | 201.1
               +-------+-------+-------+-------+-------+----------------------
